 Dungeon Crawl Stone Soup version 0.28.0-53-g5a82cb258f (webtiles) character file.

Game seed: 12714156848610850681

18 DildoBatman the Conjurer (level 2, -2/14 (20) HPs)
             Began as a Formicid Conjurer on July 15, 2022.
             Slain by a jackal (3 damage)
             ... on level 1 of the Dungeon.
             The game lasted 00:01:40 (932 turns).

DildoBatman the Conjurer (Formicid Conjurer)         Turns: 932, Time: 00:01:41

HP:   -2/14 (20)    AC:  2    Str: 11    XL:     2   Next: 85%
MP:   0/5           EV: 12    Int: 17    God:
Gold: 34            SH:  0    Dex:  9    Spells: 2/5 levels left

rFire   . . .      SeeInvis +   d - +0 short sword
rCold   . . .      Faith    .   (no shield)
rNeg    . . .      Spirit   .   a - +0 robe
rPois   .          Reflect  .   (helmet unavailable)
rElec   .          Harm     .   (no cloak)
rCorr   .          Rampage  .   (no gloves)
Will    .....                   (no boots)
Stlth   ++........              (no amulet)
HPRegen 0.04/turn               (no ring)
MPRegen 0.09/turn               (no ring)

@: very heavily drained
A: permanent stasis, dig shafts and tunnels, antennae 3, four strong arms
a: Dig, Shaft Self


You were on level 1 of the Dungeon.
You visited 1 branch of the dungeon, and saw 2 of its levels.

You collected 34 gold pieces.

Inventory:

Hand Weapons
 d - a +0 short sword (weapon)
Missiles
 e - 2 poisoned darts
 f - 46 stones
Armour
 a - a +0 robe (worn)
Scrolls
 b - a scroll of magic mapping {unknown}
 g - a scroll of blinking {unknown}
 h - a scroll of vulnerability {unknown}
 j - a scroll of immolation {unknown}
Potions
 c - a potion of curing {unknown}
 i - a potion of flight {unknown}


   Skills:
 * Level 0.9 Fighting
 * Level 1.0 Armour
 - Level 2.0 Dodging
 - Level 2.4 Stealth
 * Level 2.4 Spellcasting
 * Level 3.7 Conjurations


You had 2 spell levels left.
You knew the following spells:

 Your Spells              Type           Power      Damage    Failure   Level
a - Searing Ray           Conj           28%        2d5       6%          2
c - Magic Dart            Conj           56%        1d5       4%          1

Your spell library contained the following spells:

 Spells                   Type           Power      Damage    Failure   Level
 Animate Skeleton         Necr           4%         N/A       19%         1
 Apportation              Tloc           4%         N/A       19%         1
 Summon Small Mammal      Summ           8%         N/A       19%         1
 Dazzling Flash           Conj/Hex       16%        N/A       26%         3
 Fulminant Prism          Conj/Hex       4%         3d6       65%         4
 Iskenderun's Mystic Bla  Conj/Tloc      8%         2d4       65%         4


Dungeon Overview and Level Annotations

Branches:
Dungeon (2/15)

Altars:


Innate Abilities, Weirdness & Mutations

You cannot be hasted, slowed, berserked, paralysed or teleported.
You can dig through walls and to a lower floor.
You have a pair of large antennae on your head. (SInv)
Your four strong arms can wield two-handed weapons with a shield.


Message History

You dig through the rock wall.
You feel drained.
You dig through the rock wall.
You feel drained. The jackal bites you. x2
You retract your mandibles.
The jackal closely misses you. The jackal completely misses you.
The jackal closely misses you.
You see here a jackal corpse.
The jackal barely misses you.
You see here a jackal corpse.
The jackal barely misses you.
There is a stone staircase leading up here.
The jackal bites you.
You climb upwards.
There is a stone staircase leading down here.
You closely miss the jackal.
The jackal bites you but does no damage.
The jackal bites you.
Casting: Magic Dart (safe; 4% risk of failure)
Confirm with . or Enter, or press ? or * to list all spells.
Aiming: Magic Dart (safe; 4% risk of failure)
Press: ? - help, Shift-Dir - straight line, f - jackal
Aim: a jackal (100% to hit)
The magic dart hits the jackal but does no damage.
The jackal bites you but does no damage.
The jackal bites you but does no damage.
Casting: Magic Dart (safe; 4% risk of failure)
Confirm with . or Enter, or press ? or * to list all spells.
Aiming: Magic Dart (safe; 4% risk of failure)
Press: ? - help, Shift-Dir - straight line, f/p - jackal
Aim: a jackal (100% to hit)
The magic dart hits the jackal.
The jackal is severely wounded.
The jackal bites you but does no damage.
The jackal barely misses you.
The jackal bites you but does no damage.
The jackal bites you.
You die...

##### #.# #.#
....###'## ##.#
###.##...## #..#
.##.#.....## ###.##
.##........## ##.#.#
.##.........####....##
............'........#
............#.##h....#
####.......##.##@.##.#
##.....###.##.###.#
##...## #>##.###.#
##+## #........# #.#
####.##### #.# #.#
##.## #.# ######...##
#.# ..........######.#


You could see a jackal.

Vanquished Creatures
  2 bats (D:1)
  3 endoplasms
  2 hobgoblins
  2 jackals (D:2)
  3 kobolds (D:1)
  A ball python (D:1)
  A frilled lizard (D:1)
  A rat (D:1)
15 creatures vanquished.

Notes
Turn   | Place    | Note
-------+----------+-------------------------------------------
     0 | D:1      | DildoBatman the Formicid Conjurer began the quest for the
                  | Orb.
     0 | D:1      | Reached XP level 1. HP: 13/13 MP: 3/3
    63 | D:1      | Found a faded altar of an unknown god.
   178 | D:1      | Reached XP level 2. HP: 10/20 MP: 1/5
   181 | D:1      | Learned a level 2 spell: Searing Ray
   888 | D:2      | Reached skill level 1 in Armour
   932 | D:1      | Slain by a jackal

Illustrated notes

Levels and vault maps discovered:
D:1:      psy_arrival_whirlpool, layout_loops_corners,
          ebering_ecumenical_altar_sacrificial
D:2:      minmay_spotlight, layout_rooms, serial_curves, eino_curves_04,
          eino_curves_04, eino_curves_02, eino_curves_04

Skill      XL: |  1  2 |
---------------+-------+-----
Dodging        | 2 |  2.0
Armour         | 1 |  1.0
Fighting       | |  0.9
Stealth        | |  2.4
Spellcasting   | |  2.4
Conjurations   | |  3.7

Action                   || total
-------------------------++-------
Melee: Unarmed           ||     3
       Short sword       ||    23
 Cast: Magic Dart        ||    20
       Searing Ray       ||     1
 Abil: Dig               ||     1
 Stab: Sleeping          ||     3
Armor: Robe              ||    10
Dodge: Dodged            ||    34
